AoeStats
← 伐伐伐伐伐木工

African Clearing

510335300Analyzed
3v3 RM · 1d ago on Sep 30, 2026· 51m 23s· 6 players
Game mode
Random Map
Map size
Normal (6 player)
Population
200
Speed
Normal
Resources
Standard
Victory
Conquest
Starting age
Dark Age
Ending age
Imperial Age
RankedLock teamsTeams togetherTeam positionsShared explorationLock speedFull tech treeHidden civsTurbo modeCheats
Victory
Defeat
🇹🇷 Magyars · Türkiye
1224
+12
🇻🇳 Bulgarians · Vietnam
1168
+14
🇧🇩 Huns · Bangladesh
1128
+16
🇭🇰 Varangians · Hong Kong SAR China
1159
-15
🇬🇧 Spanish · United Kingdom
1137
-14
🇭🇰 Franks · Hong Kong SAR China
1093
-13
VIETNAMESE GANGZ !!!
3:13 Loom
12:54 Feudal Age
16:20 Double-Bit Axe
21:12 Castle Age
19:24 Forging
19:19 Scale Barding Armor
20:58 Horse Collar
21:52 Bloodlines
23:02 Bow Saw
22:44 Gold Mining
24:25 Iron Casting
24:10 Chain Barding Armor
24:02 Husbandry
24:44 Stone Mining
27:13 Scale Mail Armor
27:36 Chain Barding Armor
27:08 Fletching
28:03 Bodkin Arrow
29:39 Wheelbarrow
33:12 Heavy Plow
34:06 Hand Cart
34:35 Stone Shaft Mining
34:19 Town Watch
41:38 Imperial Age
40:13 Chain Barding Armor
41:33 Stirrups
43:05 Gold Shaft Mining
43:27 Conscription
43:59 Elite Konnik
44:54 Squires
44:56 Scale Mail Armor
46:28 Pikeman
46:54 Gambesons
49:56 Murder Holes
51:11 Chemistry
Shoytanbaba99
12:49 Loom
15:25 Feudal Age
16:04 Double-Bit Axe
16:13 Horse Collar
18:19 Scale Barding Armor
21:43 Castle Age
21:03 Bloodlines
22:56 Bow Saw
25:39 Husbandry
31:32 Chain Barding Armor
32:27 Heavy Plow
35:14 Wheelbarrow
35:50 Fletching
38:40 Hand Cart
38:17 Gold Mining
42:52 Gold Shaft Mining
46:20 Imperial Age
43:53 Town Watch
44:37 Stone Mining
46:40 Sanctity
46:44 Cavalier
48:06 Plate Barding Armor
Bastard Maiden
4:28 Loom
14:50 Feudal Age
15:13 Horse Collar
18:25 Double-Bit Axe
25:22 Castle Age
24:20 Bloodlines
24:21 Forging
24:29 Scale Barding Armor
26:07 Husbandry
26:33 Chain Barding Armor
26:38 Heavy Plow
26:49 Bow Saw
27:49 Iron Casting
27:50 Fletching
29:12 Bodkin Arrow
35:54 Imperial Age
39:17 Conscription
40:51 Plate Barding Armor
42:10 Blast Furnace
建興法師
11:10 Loom
13:53 Feudal Age
22:51 Castle Age
21:35 Scale Barding Armor
22:10 Double-Bit Axe
24:43 Chain Barding Armor
34:11 Forging
38:56 Wheelbarrow
42:53 Imperial Age
42:37 Hand Cart
43:07 Iron Casting
43:27 Bow Saw
43:57 Husbandry
44:35 Cavalier
46:37 Plate Barding Armor
48:46 Blast Furnace
48:29 Paladin
49:13 Devotion
伐伐伐伐伐木工
5:32 Loom
14:49 Feudal Age
18:35 Castle Age
16:58 Horse Collar
19:43 Wheelbarrow
18:56 Double-Bit Axe
21:10 Heavy Plow
22:27 Bloodlines
26:04 Husbandry
29:36 Scale Barding Armor
32:21 Chain Barding Armor
33:13 Forging
34:59 Iron Casting
35:26 Gold Mining
35:50 Vendel Legacy
39:09 Imperial Age
36:55 Stone Mining
38:28 Hand Cart
38:38 Town Watch
39:17 Cavalier
40:54 Plate Barding Armor
41:20 Blast Furnace
43:11 Coinage
43:20 Bow Saw
44:21 Conscription
46:27 Crop Rotation
46:34 Banking
47:40 Fletching
48:29 Devotion
49:31 Light Cavalry
曠曠曠曠曠曠工
4:23 Loom
16:15 Feudal Age
18:43 Fletching
21:14 Castle Age
19:07 Man-at-Arms
21:55 Stone Mining
24:08 Bodkin Arrow
43:39 Double-Bit Axe
46:43 Wheelbarrow
45:54 Town Watch
49:22 Hand Cart
49:29 Bow Saw
50:06 Husbandry
50:17 Bloodlines
51:14 Padded Archer Armor
Connection lost

Rejoining the realm…

Still unreachable

The connection could not be restored.

Session expired

The server has moved on; the page needs a fresh start.